 Dungeon Crawl Stone Soup version 0.16-a0-3210-ge5ae1c3 (webtiles) character file.

6346 PolkaDot the Summoner (level 10, 0/74 HPs)
             Began as a Vampire Summoner on Dec 19, 2014.
             Was an Elder of Sif Muna.
             Slain by an orc knight
             ... wielding a +0 glaive
              (18 damage)
             ... on level 10 of the Dungeon.
             The game lasted 00:54:55 (12728 turns).

PolkaDot the Summoner (Vampire Summoner)           Turns: 12728, Time: 00:54:55

Health: 0/74       AC:  5    Str: 10    XL:     10   Next: 64%
Magic:  1/20       EV: 14    Int: 20    God:    Sif Muna [****..]
Gold:   722        SH:  0    Dex: 14    Spells: 4 memorised, 0 levels left

rFire  . . .     SeeInvis +     u - +1 short sword (elec)
rCold  . . .     Clarity  .     p - +0 leather armour
rNeg   . . .     SustAb   .     (no shield)
rPois  .         Gourm    .     (no helmet)
rElec  .         Spirit   .     z - +0 cloak
rCorr  .         Warding  .     G - +0 pair of gloves
rMut   .         Stasis   .     (no boots)
MR     +....                    t - amulet of faith (curse)
Stlth  ++........               y - +3 ring of strength
                                h - ring of teleport control

@: regenerating very quickly, somewhat resistant to hostile enchantments,
unstealthy
A: bottle blood, fangs 3, see invisible, unbreathing
a: Channel Energy, Forget Spell, Renounce Religion, Evoke Teleport Control


You were on level 10 of the Dungeon.
You worshipped Sif Muna.
Sif Muna was greatly pleased with you.
You were almost alive.

You visited 2 branches of the dungeon, and saw 11 of its levels.
You also visited: Sewer and Ossuary.

You collected 722 gold pieces.

Inventory:

Hand weapons
 u - a +1 short sword of electrocution (weapon)
Armour
 p - a +0 leather armour (worn)
 z - a +0 cloak (worn)
 G - a +0 pair of gloves (worn)
 H - a cursed +0 cloak
Jewellery
 d - an uncursed amulet of regeneration
 h - a ring of teleport control (left hand)
 t - a cursed amulet of faith (around neck)
 y - a +3 ring of strength (right hand)
Magical devices
 r - a wand of flame (17)
 x - a wand of cold (0)
 B - a wand of frost (0)
 E - a wand of enslavement (0)
Scrolls
 f - 2 scrolls of amnesia
 g - 3 scrolls of recharging
 i - 3 scrolls of blinking
 n - 3 scrolls of remove curse
 q - 2 scrolls of fear
 v - 9 scrolls of teleportation
 w - a scroll of magic mapping
 D - 2 scrolls of enchant weapon
Potions
 a - 3 potions of haste
 c - 2 potions of cancellation
 e - 14 potions of curing
 j - a potion of restore abilities
 l - 2 potions of cure mutation {!q}
 m - 5 potions of flight
 o - a potion of agility {unknown}
 s - 18 potions of blood {@*1}
 A - a potion of might
Books
 b - a book of Callings

   Spells                             Type                      Level
   a - Summon Small Mammal            Summoning                    1
   b - Call Imp                       Summoning                    2
   c - Call Canine Familiar           Summoning                    3
   d - Summon Guardian Golem          Hexes/Summoning              4
   e - Summon Lightning Spire         Summoning/Air                4
   f - Summon Ice Beast               Ice/Summoning                4


   Skills:
 + Level 5.5 Fighting
 - Level 5.1 Dodging
 - Level 3.0 Stealth
 - Level 2.0 Spellcasting
 - Level 6.4 Hexes
 * Level 10.8 Summonings
 - Level 5.0 Ice Magic
 + Level 7.5 Evocations


You couldn't memorise any spells.
You knew the following spells:

 Your Spells              Type           Power        Failure   Level  Hunger
d - Call Canine Familiar  Summ           #####...     1%          3    ###....
g - Summon Guardian Gole  Hex/Summ       #####...     6%          4    #####..
i - Summon Ice Beast      Ice/Summ       ####....     10%         4    #####..
s - Call Imp              Summ           #####...     1%          2    ##.....


Dungeon Overview and Level Annotations

Branches:
Dungeon (10/15)            Temple (1/1) D:6            Lair (0/8) D:10
    Orc (0/4) D:9

Altars:
Ashenzari
Cheibriados
Dithmenos
Elyvilon
Fedhas
Gozag
Kikubaaqudgha
Makhleb
Nemelex Xobeh
Okawaru
Qazlal
Ru
Sif Muna
Trog
Vehumet
Xom
Yredelemnul
Zin
The Shining One

Shops:
D:5 *   D:6 (   D:8 *


Innate Abilities, Weirdness & Mutations

Your natural rate of healing is extremely fast.
You can bottle blood from corpses.
You have razor-sharp teeth.
You have supernaturally acute eyesight.
You can survive without breathing.


Message History

Okay, then.
Unknown command.
Unknown command.
Use which ability? (? or * to list)
You channel some magical energy.
The orc knight zaps a wand.
The puff of frost hits you!
* * * LOW HITPOINT WARNING * * *
Your hound closely misses the orc knight.
Casting: Call Canine Familiar
Confirm with . or Enter, or press ? or * to list all spells.
You miscast Summon Ice Beast.
Sif Muna protects you from the effects of your miscast!
* * * LOW MAGIC WARNING * * *
Your hound barely misses the orc knight.
Your hound bites the orc knight but does no damage.
Drink which item? (? for menu, Esc to quit)
Yummy - fresh blood!
Your hound closely misses the orc knight.
The orc knight hits you from afar with a glaive!!
You die...

≈# ≈# ≈#
############################ ≈###
#....'....)...##......).)... ≈≈.#
#....###'############)###... ≈≈.#
#?.Y.#.#ho............#.#.). ≈≈.#
###'##.#..............#.##)# ≈≈.#
.....#(#...@..........#.#..)
≈≈.#......#.'..........)...'.#...
≈≈.#.############################
≈≈.# ........#)(..#..).......
≈≈.# ..(.....(....'..........
≈### ........#)..)#..........
≈#.. #############''''###########
≈#...#.............(.?........
≈#####≈≈≈≈≈)≈≈≈≈≈≈.)..≈≈≈≈≈≈≈


You could see an orc knight and a friendly hound.

Vanquished Creatures
  An orc knight (D:10)
  A wyvern (D:9)
  A warg (D:10)
  Edmund (D:6)
  3 ice beasts
  A yellow wasp (D:8)
  4 centaurs
  3 ogres
  An orc warrior (D:10)
  A big kobold (Sewer)
  Sigmund (D:6)
  8 giant frogs
  3 scorpions
  3 killer bees (D:10)
  3 crimson imps
  2 hounds
  3 quasits
  A wight (D:4)
  5 orc priests
  7 orc wizards
  A centaur skeleton (D:6)
  5 iguanas
  4 worker ants
  A hound skeleton (D:5)
  9 mummies
  2 worker ant zombies
  3 gnolls
  A river rat (Sewer)
  9 adders
  A giant mite (D:3)
  A worm (D:4)
  An adder skeleton (D:9)
  5 giant geckos
  49 orcs
  A ball python (D:5)
  12 bats
  15 goblins
  21 hobgoblins
  6 jackals
  2 quokkas
  11 giant cockroaches
  2 giant newts (D:3)
  A gnoll zombie (Ossuary)
  2 hobgoblin zombies (Ossuary)
  16 kobolds
  A kobold zombie (Ossuary)
  4 orc zombies (Ossuary)
  A quokka skeleton (D:5)
  14 rats
254 creatures vanquished.

Vanquished Creatures (collateral kills)
  A hill giant (D:10)
  2 orc knights (D:10)
  A queen bee (D:10)
  A troll (D:9)
  3 wargs (D:10)
  A wolf (D:10)
  3 orc warriors
  3 ice beasts (D:10)
  A sky beast (D:7)
  A phantom (D:4)
  3 ogres
  A centaur (D:10)
  2 giant frogs
  2 scorpions
  3 wights (D:4)
  11 killer bees (D:10)
  3 hounds
  2 goliath beetles
  4 orc priests
  A jelly (D:9)
  A quasit (D:7)
  A giant frog zombie (D:5)
  An iguana (D:7)
  3 orc wizards
  A worker ant (D:8)
  5 gnolls
  6 adders
  A river rat (Sewer)
  A giant mite (D:3)
  An ooze (D:1)
  18 orcs
  2 bats
  2 giant cockroaches
  2 hobgoblins (D:1)
  4 jackals
  2 kobolds
  A giant newt (D:2)
  4 goblins
105 creatures vanquished.

Vanquished Creatures (others)
  2 guardian golems (D:10)
  3 wolves (D:10)
  6 ice beasts
  8 crimson imps (D:10)
  5 shadow imps
  6 white imps
  A bat (D:7)
  A quokka (D:1)
32 creatures vanquished.

Grand Total: 391 creatures vanquished

Notes
Turn   | Place    | Note
--------------------------------------------------------------
     0 | D:1      | PolkaDot, the Vampire Summoner, began the quest for the Orb.
     0 | D:1      | Reached XP level 1. HP: 13/13 MP: 3/3
   237 | D:1      | Reached skill level 1 in Fighting
   415 | D:1      | Reached XP level 2. HP: 16/21 MP: 4/4
   532 | D:1      | Learned a level 2 spell: Call Imp
  1077 | D:2      | Reached XP level 3. HP: 27/27 MP: 6/6
  1092 | D:2      | Learned a level 3 spell: Call Canine Familiar
  2422 | D:3      | Found a glowing drain.
  2440 | D:3      | Reached XP level 4. HP: 25/34 MP: 7/7
  2532 | Sewer    | Entered a sewer
  2803 | Sewer    | Noticed a big kobold
  2823 | Sewer    | Killed a big kobold
  2823 | Sewer    | Reached skill level 5 in Summonings
  2823 | Sewer    | Reached XP level 5. HP: 22/40 MP: 2/9
  2863 | Sewer    | Found a white marble altar of Elyvilon.
  4014 | D:4      | Reached XP level 6. HP: 41/48 MP: 0/10
  4183 | D:4      | Reached skill level 6 in Summonings
  4731 | D:4      | Noticed a phantom
  4811 | D:4      | Killed a phantom
  5289 | D:5      | Entered Level 5 of the Dungeon
  5467 | D:5      | Reached XP level 7. HP: 45/55 MP: 12/12
  5481 | D:5      | Learned a level 4 spell: Summon Ice Beast
  5488 | D:5      | Reached skill level 5 in Fighting
  5858 | D:5      | Found Gozag's Nutrition Petition.
  5858 | D:5      | Found an opulent altar of Gozag.
  6491 | D:6      | Reached skill level 1 in Evocations
  6683 | D:6      | Noticed Edmund
  6685 | D:6      | Found a staircase to the Ecumenical Temple.
  6697 | D:6      | Killed Edmund
  6697 | D:6      | Reached skill level 7 in Summonings
  6705 | D:6      | Reached XP level 8. HP: 16/62 MP: 7/13
  6729 | Temple   | Entered the Ecumenical Temple
  6870 | Temple   | Became a worshipper of Sif Muna the Loreminder
  6945 | D:6      | Reached skill level 1 in Ice Magic
  7145 | D:6      | Noticed Sigmund
  7165 | D:6      | Killed Sigmund
  7246 | D:6      | Found Brazour's Weapon Shop.
  7642 | D:7      | Acquired Sif Muna's first power
  7675 | D:7      | Found a burning altar of Makhleb.
  7697 | D:7      | Found a sand-covered staircase.
  7706 | Ossuary  | Entered an ossuary
  8133 | D:7      | Reached skill level 5 in Ice Magic
  8222 | D:7      | Reached skill level 5 in Evocations
  8222 | D:7      | Reached XP level 9. HP: 59/68 MP: 16/16
  8505 | D:7      | Reached skill level 8 in Summonings
  9640 | D:8      | Acquired Sif Muna's second power
  9797 | D:8      | Got a spiked large shield
  9812 | D:8      | Identified the +4 large shield "Ziwny" {+Rage +Inv SInv} (You found it on level 8 of the Dungeon)
  9826 | D:8      | Paralysed by a yellow wasp for 3 turns
 10046 | D:8      | Reached skill level 9 in Summonings
 10262 | D:8      | Found Zin's Purification Station.
 10270 | D:8      | Found a glowing silver altar of Zin.
 10677 | D:8      | Found a shattered altar of Ashenzari.
 10964 | D:9      | Got a sparkling tin ring
 10983 | D:9      | Identified the ring of Ankint {+Rage rF- MR+ Str+2 SInv} (You found it on level 9 of the Dungeon)
 11388 | D:9      | Reached skill level 5 in Dodging
 11671 | D:9      | Reached XP level 10. HP: 52/74 MP: 19/19
 11704 | D:9      | Found a staircase to the Orcish Mines.
 11734 | D:9      | Reached skill level 10 in Summonings
 11894 | D:9      | Learned a level 4 spell: Summon Guardian Golem
 11906 | D:10     | Entered Level 10 of the Dungeon
 11906 | D:10     | Noticed a hill giant
 11967 | D:10     | Found a staircase to the Lair.
 12112 | D:10     | Reached skill level 1 in Hexes
 12356 | D:10     | Killed a hill giant
 12453 | D:10     | Reached skill level 5 in Hexes
 12457 | D:10     | Noticed an orc knight
 12459 | D:10     | Noticed an orc knight
 12470 | D:10     | Killed an orc knight
 12474 | D:10     | Acquired Sif Muna's third power
 12502 | D:10     | Killed an orc knight
 12646 | D:10     | Noticed an orc knight
 12678 | D:10     | Killed an orc knight
 12714 | D:10     | Noticed an orc knight
 12728 | D:10     | Slain by an orc knight

Action                   |  1- 3 |  4- 6 |  7- 9 | 10-12 || total
-------------------------+-------+-------+-------+-------++-------
Melee: Dagger            |   185 |   185 |       |       ||   370
       Unarmed           |     3 |       |       |       ||     3
       Short sword       |       |    22 |   529 |    99 ||   650
 Cast: Summon Small Mamm |    11 |       |       |       ||    11
       Call Imp          |    13 |    29 |    19 |    15 ||    76
       Call Canine Famil |       |     8 |    15 |    12 ||    35
       Summon Ice Beast  |       |       |    20 |    32 ||    52
       Summon Guardian G |       |       |       |     6 ||     6
Invok: Channel Energy    |       |       |    11 |    74 ||    85
 Abil: End Transformatio |       |     1 |       |       ||     1
       Bat Form          |       |     1 |       |       ||     1
Evoke: Wand              |       |       |    13 |    12 ||    25
  Use: Potion            |     1 |     6 |    38 |    36 ||    81
       Scroll            |     6 |     3 |    11 |     2 ||    22
 Stab: Sleeping          |     2 |     4 |     8 |       ||    14
       Distracted        |     1 |     2 |     3 |     1 ||     7
       Invisible         |       |     5 |       |       ||     5
  Eat: Corpse            |    12 |     1 |     1 |       ||    14
